 Dungeon Crawl Stone Soup version 0.28.0-43-g3370ac3207 (webtiles) character file.

Game seed: 4654906545156462256

3392 tizbic2 the Slinger (level 9, -7/62 HPs)
             Began as a Demonspawn Hunter on Mar 6, 2022.
             Was a Priest of Sif Muna.
             Mangled by a death yak (18 damage)
             ... on level 7 of the Dungeon.
             The game lasted 01:03:36 (10960 turns).

tizbic2 the Slinger (Demonspawn Hunter)            Turns: 10960, Time: 01:03:37

Health: -7/62      AC:  9    Str: 14    XL:     9   Next: 75%
Magic:  9/11       EV: 13    Int: 14    God:    Sif Muna [***...]
Gold:   405        SH:  8    Dex: 25    Spells: 2/11 levels left

rFire   + . .      SeeInvis .   x - +4 trident
rCold   + . .      Faith    .   B - +2 buckler {rC+ rF+}
rNeg    . . .      Spirit   .   H - +0 steam dragon scales
rPois   .          Reflect  .   K - +0 helmet
rElec   .          Harm     .   D - +1 cloak
rCorr   +          Rampage  .   (no gloves)
Will    +....                   p - +0 pair of boots
Stlth   +++.......              M - amulet of magic regeneration
HPRegen 0.20/turn               k - ring "Wyterusu" {Will+ rCorr Dex+4 Stlth+}
MPRegen 0.52/turn               v - +6 ring of dexterity

@: on blink cooldown
A: demonic guardian 1, sturdy frame 1, demonic magic 2
a: Renounce Religion, Channel Magic, Forget Spell


You were on level 7 of the Dungeon.
You worshipped Sif Muna.
Sif Muna was most pleased with you.
You visited 1 branch of the dungeon, and saw 8 of its levels.
You also visited: Sewer.

You collected 405 gold pieces.

Inventory:

Hand Weapons
 a - the +9 mace of Dissent {vorpal, Will+}
   (You found it on level 6 of the Dungeon)

   It inflicts extra damage upon your enemies.
   Will:      It increases your willpower.
 w - a +1 hunting sling
 x - a +4 trident (weapon)
 y - a +0 dagger of venom
 F - the +2 long sword of Incongruity {drain, rPois rF+ Int+4 Dex-3}
   (You found it on level 5 of the Dungeon)

   A truly terrible weapon, it drains the life of any living foe it strikes.
   Int:       It affects your intelligence (+4).
   Dex:       It affects your dexterity (-3).
   rF:        It protects you from fire.
   rPois:     It protects you from poison.
Missiles
 b - 11 boomerangs (quivered)
 d - 44 sling bullets
 e - 12 poisoned darts
 f - 301 stones
 E - 4 silver javelins
 G - 3 javelins
 O - a throwing net
Armour
 n - a +2 robe of resistance
 p - a +0 pair of boots (worn)
 t - a +0 scale mail
 B - a +2 buckler of resistance (worn)
 C - a +0 kite shield
 D - a +1 cloak (worn)
 H - +0 steam dragon scales (worn)
 K - a +0 helmet (worn)
Jewellery
 k - the ring "Wyterusu" (left hand) {Will+ rCorr Dex+4 Stlth+}
   (You found it on level 2 of the Dungeon)

   [ring of willpower]

   Dex:       It affects your dexterity (+4).
   rCorr:     It protects you from acid and corrosion.
   Will:      It increases your willpower.
   Stlth:     It makes you more stealthy.
 v - a +6 ring of dexterity (right hand)
 M - an amulet of magic regeneration (around neck)
Wands
 r - a wand of acid (19)
 I - a wand of iceblast (4)
 L - a wand of polymorph (7)
Scrolls
 h - 3 scrolls of identify
 q - 2 scrolls of blinking
 u - 4 scrolls of noise
 A - 3 scrolls of fog
 J - a scroll of magic mapping
 N - a scroll of brand weapon {unknown}
Potions
 c - 2 potions of invisibility {unknown}
 g - a potion of cancellation
 i - a potion of attraction {unknown}
 j - a potion of might {unknown}
 l - 2 potions of curing
 m - a potion of brilliance {unknown}
 o - a potion of mutation {unknown}
 z - 5 potions of flight


   Skills:
 - Level 2.5 Fighting
 - Level 2.1 Maces & Flails
 - Level 8.5 Slings
 - Level 2.3 Dodging
 - Level 0.8 Stealth
 + Level 3.5 Shields
 - Level 1.9 Spellcasting
 - Level 3.2 Conjurations
 + Level 6.2 Summonings
 * Level 5.2 Translocations


You had 2 spell levels left.
You knew the following spells:

 Your Spells              Type           Power      Damage    Failure   Level
a - Call Canine Familiar  Summ           18%        N/A       8%          3
b - Blink                 Tloc           32%        N/A       5%          2
c - Iskenderun's Mystic   Conj/Tloc      13%        2d5       50%         4

Your spell library contained the following spells:

 Spells                   Type           Power      Damage    Failure   Level
 Summon Small Mammal      Summ           72%        N/A       2%          1
 Lesser Beckoning         Tloc           16%        N/A       11%         3
 Summon Guardian Golem    Hex/Summ       10%        N/A       26%         3
 Dazzling Flash           Conj/Hex       10%        N/A       43%         3
 Manifold Assault         Tloc           16%        N/A       71%         5
 Starburst                Conj/Fire      2%         6d3       100%        6


Dungeon Overview and Level Annotations

Branches:
Dungeon (8/15)             Temple (0/1) D:6            Lair (0/6) D:8
  Sewer (visited)

Altars:
Ashenzari
Dithmenos
Makhleb
Nemelex Xobeh
Sif Muna
Uskayaw
Vehumet
Yredelemnul

Shops:
D:7 [


Innate Abilities, Weirdness & Mutations

A weak demonic guardian rushes to your aid.
Your movements are slightly less encumbered by armour. (ER -2)
Spells you cast may paralyse nearby enemies.


Message History

Your hound bites the death yak but does no damage.
The death yak gores your hound!
Your hound dies!
Your hound's corpse disappears in a puff of smoke!
Casting: Blink (safe; 5% risk of failure)
Confirm with . or Enter, or press ? or * to list all spells.
Malevolent energies surge around you.
The death yak closely misses your hound.
Reach: x) +4 trident
Press: ? - help, Dir - move target, f/p - death yak
Aim: a death yak (moderately wounded, ally target, about 17% to evade your +4 trident)
You reach to attack!
You hit the death yak.
The death yak is moderately wounded.
Your hound bites the death yak but does no damage.
The death yak gores your hound!!
Your hound dies!
Your hound's corpse disappears in a puff of smoke!
Reach: x) +4 trident
Press: ? - help, Dir - move target, f/p - death yak
Aim: a death yak (moderately wounded, about 17% to evade your +4 trident)
You reach to attack!
You hit the death yak but do no damage.
The death yak is moderately wounded.
The death yak gores you!!
* * * LOW HITPOINT WARNING * * *
A demonic guardian appears!
Casting: Call Canine Familiar (dangerous; 8% risk of failure)
Confirm with . or Enter, or press ? or * to list all spells.
You blink.
Malevolent energies surge around you. The death yak gores you.
* * * LOW HITPOINT WARNING * * *
You feel much better.
Your iron imp hits the death yak but does no damage.
The death yak gores you!
* * * LOW HITPOINT WARNING * * *
Casting: Blink (safe; 5% risk of failure)
Confirm with . or Enter, or press ? or * to list all spells.
Okay, then.
You feel better.
Your iron imp barely misses the death yak.
The death yak gores you!!
You die...

#.# #........# #.# #.#
####..[..######.# #.#
#<..h.h......#####
#.########....Y######.....#
#..............# #.###.#
#..#######.##### #.# #.# #..#
####5#### ##.# #[# #..# #....Y§.#
#..# #Y# #..####.##@##.# #.## #)#
#)..##...#.##.######.# #)#
#######...##.............#.# #.#
..........##...####.####.#.####.#
..#####...##..# ##.# #........#
#.......#.########..####.#.######
.........##......##......#.#
######.###...##...######.#.# #
#.##..##≈##...## #.#.#


You could see a death yak (ally target) and a friendly iron imp (summoned).

Vanquished Creatures
  Maggie (D:7)
  Grinder (D:3)
  Menkaure (D:5)
  A water moccasin (D:6)
  A nameless horror (D:5)
  An orc warrior (D:6)
  A black bear (D:6)
  A hornet zombie (D:8)
  An ogre (D:4)
  A kobold brigand (Sewer)
  Blork the orc (D:5)
  A gnoll sergeant (D:5)
  3 bullfrogs
  A scorpion (D:5)
  Dowan (D:4)
  2 killer bees
  A bullfrog zombie (D:7)
  A crimson imp (D:6)
  2 jellies (D:5)
  An orc priest (D:6)
  2 hounds
  2 centaur skeletons
  A gnoll shaman (D:7)
  4 iguanas
  Ijyb (D:3)
  3 orc wizards
  7 gnolls
  A howler monkey skeleton (D:7)
  2 river rats (D:5)
  9 adders
  An ufetubus (D:2)
  5 worms
  The ghost of Icepheonix32 the Sneak, a weakling DsDe (D:7)
  2 dart slugs
  15 orcs
  4 ball pythons
  6 endoplasms
  3 giant cockroaches
  5 hobgoblins
  A jackal (Sewer)
  5 quokkas
  6 bats
  2 frilled lizards (D:3)
  3 goblins
  10 kobolds
  10 rats
135 creatures vanquished.

Vanquished Creatures (collateral kills)
  Sigmund (D:4)
  Edmund (D:4)
  Duvessa (D:4)
  A necrophage (D:6)
  A water moccasin skeleton (D:5)
  4 killer bees (D:7)
  A jelly (D:7)
  2 orc priests (D:7)
  Crazy Yiuf (D:5)
  A centaur skeleton (D:5)
  An iguana (D:5)
  A gnoll (D:7)
  An adder (D:5)
  5 river rats
  A shadow imp (D:6)
  A white imp (D:6)
  4 orcs
  A giant cockroach (D:3)
  A goblin (D:4)
  2 jackals (Sewer)
  4 kobolds
36 creatures vanquished.

Grand Total: 171 creatures vanquished

Notes
Turn   | Place    | Note
-------+----------+-------------------------------------------
     0 | D:1      | tizbic2 the Demonspawn Hunter began the quest for the Orb.
     0 | D:1      | Reached XP level 1. HP: 16/16 MP: 1/1
   191 | D:1      | Gained mutation: Your movements are slightly less
                  | encumbered by armour. (ER -2) [demonic ancestry]
   191 | D:1      | Reached XP level 2. HP: 10/22 MP: 2/2
  1393 | D:2      | Reached skill level 4 in Slings
  1696 | D:2      | Found a faded altar of an unknown god.
  1974 | D:2      | Identified the ring "Wyterusu" {Will+ rCorr Dex+4 Stlth+}
  2076 | D:2      | Reached XP level 3. HP: 28/28 MP: 3/3
  2548 | D:3      | Found a shimmering blue altar of Sif Muna.
  2573 | D:3      | Became a worshipper of Sif Muna the Loreminder
  2651 | D:3      | Found a shadowy altar of Dithmenos.
  3050 | D:3      | Noticed Grinder
  3120 | D:3      | Killed Grinder
  3121 | D:3      | Reached skill level 5 in Slings
  3121 | D:3      | Gained mutation: Spells you cast may paralyse adjacent
                  | enemies. [demonic ancestry]
  3121 | D:3      | Reached XP level 4. HP: 34/34 MP: 4/4
  3121 | D:3      | Gained mutation: Spells you cast may paralyse nearby
                  | enemies. [demonic ancestry]
  3121 | D:3      | Reached XP level 5. HP: 39/39 MP: 5/5
  3151 | D:3      | Learned a level 3 spell: Call Canine Familiar
  3168 | D:3      | Gained mutation: A weak demonic guardian rushes to your
                  | aid. [demonic ancestry]
  3168 | D:3      | Reached XP level 6. HP: 45/46 MP: 2/6
  3461 | D:3      | Noticed Ijyb
  3469 | D:3      | Killed Ijyb
  3469 | D:3      | Reached * piety under Sif Muna
  3813 | D:4      | Found a broken altar of Ashenzari.
  4011 | D:4      | Noticed Sigmund
  4035 | D:4      | Killed Sigmund
  4036 | D:4      | Reached skill level 6 in Slings
  4036 | D:4      | Reached XP level 7. HP: 22/51 MP: 3/7
  4233 | D:4      | Found a basalt altar of Yredelemnul.
  4321 | D:4      | Found a radiant altar of Vehumet.
  4442 | D:4      | Noticed Edmund
  4700 | D:4      | Killed Edmund
  4701 | D:4      | Reached skill level 5 in Summonings
  4960 | D:4      | Found a hide-covered altar of Uskayaw.
  4988 | D:4      | Noticed Duvessa
  4997 | D:4      | Killed Duvessa
  4999 | D:4      | Noticed Dowan
  5015 | D:4      | Killed Dowan
  5319 | D:5      | Entered Level 5 of the Dungeon
  5348 | D:5      | Noticed Menkaure
  5355 | D:5      | Killed Menkaure
  5356 | D:5      | Reached skill level 7 in Slings
  5356 | D:5      | Reached XP level 8. HP: 57/57 MP: 8/8
  5737 | D:5      | Reached ** piety under Sif Muna
  5738 | D:5      | Reached skill level 1 in Conjurations
  5906 | D:5      | Found a glowing drain.
  5925 | Sewer    | Entered a sewer
  5937 | Sewer    | Reached skill level 8 in Slings
  6061 | Sewer    | Reached skill level 1 in Spellcasting
  6302 | D:5      | Noticed Blork the orc
  6322 | D:5      | Killed Blork the orc
  6736 | D:5      | Identified the +2 long sword of Incongruity {drain, rPois
                  | rF+ Int+4 Dex-3}
  7184 | D:5      | Found a runed translucent door.
  7185 | D:5      | Noticed Crazy Yiuf
  7192 | D:5      | Noticed a nameless horror
  7362 | D:5      | Killed a nameless horror
  7460 | D:5      | Killed Crazy Yiuf
  7662 | D:6      | Learned a level 2 spell: Blink
  7837 | D:6      | Found a burning altar of Makhleb.
  7952 | D:6      | Reached skill level 1 in Translocations
  8066 | D:6      | Reached skill level 1 in Shields
  8217 | D:6      | Reached XP level 9. HP: 55/62 MP: 4/11
  8313 | D:6      | Found a staircase to the Ecumenical Temple.
  8608 | D:6      | Identified the +9 mace of Dissent {vorpal, Will+}
  8869 | D:7      | Reached *** piety under Sif Muna
  8871 | D:7      | Found a runed translucent door.
  8872 | D:7      | Noticed Maggie
  8875 | D:7      | Noticed Icepheonix32's ghost (weakling DsDe)
  8887 | D:7      | Killed Maggie
  8888 | D:7      | Reached skill level 1 in Maces & Flails
  9092 | D:7      | Killed Icepheonix32's ghost
  9721 | D:7      | Found Tokoyo's Dragon-Slaying Spoils.
 10296 | D:7      | Learned a level 4 spell: Iskenderun's Mystic Blast
 10473 | D:8      | Reached skill level 5 in Translocations
 10515 | D:8      | Found a sparkling altar of Nemelex Xobeh.
 10551 | D:8      | Found a staircase to the Lair.
 10551 | D:8      | Noticed a death yak
 10551 | D:8      | Noticed a death yak
 10551 | D:8      | Noticed a death yak
 10958 | D:7      | HP: 2/62 [death yak (6)]
 10960 | D:7      | Mangled by a death yak

Illustrated notes

Levels and vault maps discovered:
D:1:      dpeg_arrival_round_a, layout_loops_ring, serial_aquarium,
          aquarium_bridge_square [aquarium_subvault_bridge,
          aquarium_subvault_bridge, aquarium_subvault_balcony,
          aquarium_subvault_bridge], aquarium_bridge_island_small
          [aquarium_subvault_small_open, aquarium_subvault_wall,
          aquarium_subvault_window, aquarium_subvault_bridge,
          aquarium_subvault_bridge], aquarium_window_1,
          aquarium_window_corridor_3, aquarium_window_corner, aquarium_view_4,
          aquarium_balcony_3a
D:2:      layout_basic, ebering_ecumenical_altar_box, grunt_ministairs_3,
          nicolae_concentric_dashed_squares_mild, nrook_loot_triangle,
          kennysheep_generic_room_4
D:3:      layout_loops_ring, mainiacjoe_overflow_24_doors, lemuel_tele_altar,
          minmay_joined_circles, uniq_ijyb, uniq_grinder
D:4:      layout_basic, vehumet_crystals, mainiacjoe_overflow_surrounded_room,
          nicolae_ashenzari_skybound, mainiacjoe_overflow_alcove_4, uniq_edmund,
          uniq_duvessa, uniq_sigmund
D:5:      layout_layer_cave, lightli_sewer_entry_pipes,
          kennysheep_generic_room_14, uniq_menkaure, uniq_crazy_yiuf_cottage,
          uniq_blork_the_orc
D:6:      nicolae_cairo_tiling_very_big, layout_loops_cross,
          makhleb_grotto_becter, minmay_temple_entry_sparse_star,
          kennysheep_generic_room_7
D:7:      layout_loops_ring, gammafunk_ghost_grave, nicolae_shop_dragon_depot,
          uniq_maggie
D:8:      layout_loops_ring, general_overflow_altar, dpeg_lair_monsters,
          kennysheep_opposing_triangles, uniq_joseph

Skill      XL: |  1  2  3  4  5  6  7  8  9 |
---------------+----------------------------+-----
Dodging        | 2 |  2.3
Slings         | 4 5 6 7 8 |  8.5
Summonings     | 3 4 5 6 |  6.2
Conjurations   | 3 |  3.2
Spellcasting   | 1 |  1.9
Translocations | 2 5 |  5.2
Shields        | 1 3 |  3.5
Maces & Flails | 2 |  2.1
Fighting       | |  2.5
Stealth        | |  0.8

Action                   |  1- 3 |  4- 6 |  7- 9 || total
-------------------------+-------+-------+-------++-------
Melee: Short sword       |     2 |       |       ||     2
       Hand axe          |    28 |     8 |    49 ||    85
       Punch             |     1 |       |     1 ||     2
       War axe           |     2 |       |       ||     2
       Scythe            |       |       |    23 ||    23
       Long sword        |       |       |    41 ||    41
       Dagger            |       |       |    78 ||    78
       Trident           |       |       |    27 ||    27
       Mace              |       |       |    54 ||    54
 Fire: Hunting sling     |    92 |    73 |   164 ||   329
Throw: Boomerang         |     9 |       |    17 ||    26
       Dart              |     4 |       |     4 ||     8
 Cast: Call Canine Famil |       |     3 |    69 ||    72
       Blink             |       |       |     5 ||     5
  Use: Scroll            |     1 |     4 |     8 ||    13
       Potion            |       |       |     8 ||     8
 Stab: Sleeping          |     3 |       |       ||     3
       Paralysed         |       |       |    28 ||    28
       Distracted        |       |       |     3 ||     3
Armor: Leather armour    |     7 |       |       ||     7
       Ring mail         |     3 |     9 |       ||    12
       Robe              |       |       |    42 ||    42
       Steam dragon scal |       |       |    20 ||    20
Dodge: Dodged            |    22 |    30 |   160 ||   212
Block: Buckler           |       |       |    60 ||    60
